 Dungeon Crawl Stone Soup version 0.31.0-11-ge490571c62 (webtiles) character file.

Game seed: 8333191381151561728

6090 Drazool the Mimic (level 10, -1/94 HPs)
             Began as a Naga Shapeshifter on Jan 30, 2024.
             Was a Believer of Ru.
             Slain by a sun demon (4 damage)
             ... on level 9 of the Dungeon.
             The game lasted 00:36:44 (9775 turns).

Drazool the Mimic (Naga Shapeshifter)               Turns: 9775, Time: 00:36:45

Health: -1/94      AC:  3    Str: 16    XL:     10   Next: 88%
Magic:  13/13      EV: 12    Int: 11    God:    Ru [**....]
Gold:   386        SH:  5    Dex: 15    Spells: 9/9 levels left

rFire   x .          .
                       - Unarmed
rCold   x . .        (no shield)
rNeg    + . .        a - melded +0 animal skin
rPois   +            (no helmet)
rElec   .            z - scarf {repulsion}
rCorr   .            (no gloves)
SInv    +            (no barding)
Will    +....        A - amulet of reflection
Stlth   +++          N - ring of positive energy
HPRegen 0.35/turn    (no ring)
MPRegen 0.13/turn

%: repel missiles, reflection
@: about to teleport, maw-form, on berserk cooldown, hasted and slowed, very
slow
A: devouring maw, AC +3, large, see invisible, deformed body, poison resistance,
slowness 2, spit poison 1, naga tail 1, temperature sensitive
a: Spit Poison, Begin Untransformation, Renounce Religion


You were on level 9 of the Dungeon.
You worshipped Ru.
Ru was pleased with you.
You were a creature with a mouth for a stomach.
You visited 2 branches of the dungeon, and saw 10 of its levels.
You also visited: Sewer.

You collected 386 gold pieces.


Innate Abilities, Weirdness & Mutations

You are a creature with a mouth for a stomach.
Your midsection houses a second, enormous mouth.
Your serpentine skin is tough. (AC +3)
You have supernaturally acute eyesight. (SInv)
Armour fits poorly on your strangely shaped body.
Your system is resistant to poisons. (rPois)
You cover ground very slowly.
You can spit poison.
You have a snake-like lower body.
You are sensitive to extremes of temperature. (rF-, rC-)


   Skills:
 - Level 7.0 Fighting
 - Level 5.0 Dodging
 - Level 5.0 Stealth
 + Level 7.4 Unarmed Combat
 - Level 4.0 Invocations
 - Level 10.0 Shapeshifting


You had 9 spell levels left.
You didn't know any spells.
Your spell library was empty.

Inventory:

Hand Weapons
 k - the +7 Throatcutter {drain, coup de grace}
   (You found it on level 5 of the Dungeon)
Missiles
 g - 30 poisoned darts
 l - 4 curare-tipped darts {=f}
 D - a throwing net {=f}
Armour
 a - a +0 animal skin (melded)
 y - a +1 cloak
 z - a scarf of repulsion (worn)
Jewellery
 A - an amulet of reflection (around neck)
 F - a ring of fire
 N - a ring of positive energy (left hand)
Talismans
 c - a beast talisman
 d - a flux talisman
 B - a maw talisman (active)
Wands
 o - a wand of acid (6)
 H - a wand of iceblast (3)
Scrolls
 n - a scroll of summoning {unknown}
 r - a scroll of torment {unknown}
 s - a scroll of enchant armour
 t - 2 scrolls of noise
 u - a scroll of vulnerability
 v - a scroll of acquirement {unknown}
 w - a scroll of silence {!r}
 C - a scroll of brand weapon {unknown}
 G - a scroll of poison {unknown}
Potions
 b - a potion of lignification
 f - 3 potions of berserk rage {!q}
 i - 4 potions of attraction
 j - 3 potions of enlightenment
 p - a potion of mutation {unknown}
 q - 2 potions of might
 E - a potion of invisibility {unknown}

Dungeon Overview and Level Annotations

Branches:
Dungeon (9/15)             Temple (1/1) D:7            Lair (0/5) D:9
  Sewer (visited)
    Orc: D:9-12

Altars:
Ashenzari
Cheibriados
Dithmenos
Elyvilon
Fedhas
Gozag
Hepliaklqana
Kikubaaqudgha
Makhleb
Nemelex Xobeh
Okawaru
Qazlal
Ru
Sif Muna
Trog
Uskayaw
Vehumet
Wu Jian
Xom
Yredelemnul
Zin
The Shining One

Shops:
D:4

( #..▒..###...▒▒.▒.▒ ▒
#................ ▒
#..▒......▒▒▒▒.▒.▒ ..
#..▒...........▒.▒ ..
##.▒▒...▓▓....▒▒▒. . ..
#..▒▒..▓▓...▒▒.▒▒.▒▒▒▒▒.▒
.##
#..)▒▒.(...▒▒...▒▒.....▒▒
yo
#.#..▒▒▒3▒▒▒.....▒▒▒.▒▒▒.
. #.
#.yo..((W....###.........
..o#.####.#...########
##....#### #o†y§o..#####
###..# #.####### ##.# #
###.# #...# #...# #...#
#...#


You could see a sun demon, a killer bee and an orc wizard (invisible).


Message History

You closely miss the wolf. Your bite misses the wolf.
The wolf is almost dead.
The wolf bites you!
* * * LOW HITPOINT WARNING * * *
The orc wizard begins to cast a spell, but is stunned by your conviction!
The orc priest begins to cast a cantrip, but forgets the words!
The wolf bites you.
* * * LOW HITPOINT WARNING * * *
You punch the wolf!
You kill the wolf!
You miss the orc wizard. You bite the orc wizard.
The orc wizard is lightly wounded.
The orc wizard points at you and mumbles some strange words.
The puff of flame hits you! The fire burns you terribly!
* * * LOW HITPOINT WARNING * * *
Unknown command.
Blink to where?
Press: ? - help, Dir - move target, p - orc wizard
As you read the scroll of blinking, it crumbles to dust.
The orc priest looks encouraged for a moment.
The orc wizard mumbles some strange words.
The orc wizard flickers and vanishes for a moment.
Blink to where?
Press: ? - help, Dir - move target
As you read the scroll of blinking, it crumbles to dust.
The sun demon shouts!
As you read the scroll of teleportation {@r2}, it crumbles to dust.
You feel strangely unstable.
It was a potion of haste.
You feel yourself speed up. The sun demon hits you.
You die...

Skill      XL: |  1  2  3  4  5  6  7  8  9 10 |
---------------+-------------------------------+-----
Unarmed Combat | 4 5 7 |  7.4
Fighting       | 3 5 7 |  7.0
Shapeshifting  | 5 7 9 10 | 10.0
Invocations    | 4 |  4.0
Dodging        | 3 5 |  5.0
Stealth        | 5 |  5.0

Action                     |  1- 3 |  4- 6 |  7- 9 | 10-12 || total
---------------------------+-------+-------+-------+-------++-------
  Melee: Unarmed           |    46 |   121 |   320 |   111 ||   598
         Punch             |     1 |     2 |     2 |     8 ||    13
         Maw               |       |       |       |    36 ||    36
 Invoke: Purification      |       |     2 |     1 |       ||     3
         Sacrifice Resista |       |       |     1 |       ||     1
Ability: Spit Poison       |    18 |    57 |    52 |     3 ||   130
  Evoke: Wand              |       |     3 |     3 |     6 ||    12
    Use: Scroll            |       |     5 |     7 |     5 ||    17
         Potion            |       |       |     5 |     3 ||     8
 Armour: Animal skin       |    20 |    72 |    35 |       ||   127
         Skin              |       |       |   122 |    72 ||   194
  Dodge: Dodged            |    18 |    62 |   140 |    71 ||   291
         Repelled          |       |       |     4 |       ||     4
  Block: Other             |       |       |    27 |    26 ||    53
         Reflection        |       |       |       |     4 ||     4
   Form: Flux              |       |       |     1 |       ||     1
         Maw               |       |       |       |     1 ||     1

Levels and vault maps discovered:
D:1:      minmay_arrival_three_doors, layout_basic,
          shapermc_ecumenical_altar_acropolis, minmay_shallow_snake_nest
D:2:      layout_loops_ring, chequers_serial_rivers_micro_d,
          guppyfry_early_lair_pool, uniq_jessica
D:3:      layout_loops_ring, mainiacjoe_sewer_entry_somewhere_in_here_1,
          nicolae_concentric_dashed_squares_mild, serial_bayou_pond_b
D:4:      layout_basic, mainiacjoe_overflow_swirl, serial_shops, shop,
          uniq_edmund
D:5:      layout_basic, serial_curves, eino_curves_01, eino_curves_02,
          dilly_guarded_unrand_throatcut
D:6:      layout_rooms, uniq_menkaure
D:7:      layout_cave_pools, grunt_temple_overflow_open,
          minmay_temple_entry_junction_2, kennysheep_cross_room
D:8:      layout_basic, grunt_ministairs_14, uniq_maurice
D:9:      minmay_the_grid_octo_2x2 [minmay_the_grid_octo_horde,
          minmay_the_grid_octo_concentric, minmay_the_grid_octo_tetromino_candy,
          minmay_the_grid_octo_prize_ultimate_mussel_roller], layout_small_grid,
          erik_lair_orcish_takeover, serial_demonic, serial_demonic_e,
          serial_demonic_e, serial_demonic_b, serial_demonic_g, abandoned_shop
Temple:   regret_index_temple_mists

Notes
Turn   | Place    | Note
-------+----------+-------------------------------------------
     0 | D:1      | Drazool the Naga Shapeshifter began the quest for the Orb.
     0 | D:1      | Reached XP level 1. HP: 18/18 MP: 1/1
     2 | D:1      | You fall into a shaft and drop 1 floor!
   157 | D:1      | Reached XP level 2. HP: 25/25 MP: 2/2
   536 | D:1      | Found a faded altar of an unknown god.
   542 | D:1      | Prayed at the altar of an unknown god.
   542 | D:1      | Became a worshipper of Elyvilon the Healer
   542 | D:1      | Reached * piety under Elyvilon
   547 | D:1      | Reached skill level 4 in Unarmed Combat
   650 | D:1      | Reached XP level 3. HP: 27/31 MP: 3/3
   941 | D:2      | Noticed Jessica
   947 | D:2      | Killed Jessica
  1067 | D:2      | Reached XP level 4. HP: 38/38 MP: 4/4
  1209 | D:2      | Reached skill level 5 in Unarmed Combat
  1357 | D:2      | Reached ** piety under Elyvilon
  1673 | D:3      | Reached skill level 2 in Fighting
  1730 | D:3      | Found a glowing drain.
  1733 | Sewer    | Entered a sewer
  1926 | Sewer    | Noticed a kobold brigand
  1961 | Sewer    | Killed a kobold brigand
  1962 | Sewer    | Reached skill level 3 in Fighting
  1962 | Sewer    | Reached XP level 5. HP: 37/49 MP: 5/5
  2044 | Sewer    | Found a white marble altar of Elyvilon.
  2725 | D:4      | Found Gamireemo's Weapon Shoppe.
  2754 | D:4      | Reached XP level 6. HP: 56/56 MP: 6/6
  2802 | D:4      | Reached skill level 4 in Shapeshifting
  2838 | D:4      | Reached *** piety under Elyvilon
  2838 | D:4      | Noticed Edmund
  2854 | D:4      | Elyvilon protects you from harm!
  3023 | D:4      | Found a blossoming altar of Fedhas.
  3032 | D:4      | Found a shimmering altar of Xom.
  3256 | D:4      | Killed Edmund
  3257 | D:4      | Reached skill level 5 in Shapeshifting
  3379 | D:4      | Identified the +3 glaive "Lineqio" {protect, +Blink}
  3597 | D:5      | Entered Level 5 of the Dungeon
  3723 | D:5      | Reached XP level 7. HP: 59/62 MP: 7/7
  4006 | D:5      | Found the +7 Throatcutter {drain, coup de grace}
  4017 | D:5      | Reached skill level 6 in Shapeshifting
  4033 | D:5      | Reached skill level 7 in Shapeshifting
  4042 | D:5      | Reached XP level 8. HP: 19/69 MP: 8/8
  4399 | D:5      | Reached skill level 6 in Unarmed Combat
  4521 | D:5      | Reached skill level 7 in Unarmed Combat
  4747 | D:5      | Reached skill level 1 in Invocations
  4805 | D:6      | Reached **** piety under Elyvilon
  4816 | D:6      | Reached skill level 2 in Invocations
  4835 | D:6      | Noticed Menkaure
  4852 | D:6      | Killed Menkaure
  4853 | D:6      | Reached skill level 3 in Invocations
  5058 | D:6      | Reached skill level 4 in Invocations
  5086 | D:6      | Reached skill level 2 in Dodging
  5228 | D:6      | Reached skill level 3 in Dodging
  5228 | D:6      | Reached XP level 9. HP: 58/75 MP: 12/12
  5659 | D:7      | Found a staircase to the Ecumenical Temple.
  5683 | D:6      | Reached skill level 4 in Fighting
  5838 | Temple   | Entered the Ecumenical Temple
  5847 | Temple   | Fell from the grace of Elyvilon
  5847 | Temple   | Became a worshipper of Ru the Awakened
  5871 | D:7      | Found a snail-covered altar of Cheibriados.
  6073 | D:7      | Found an ornate altar of the Wu Jian Council.
  7345 | D:8      | Noticed Maurice
  7350 | D:8      | Maurice stole a maw talisman
  7355 | D:8      | Killed Maurice
  7356 | D:8      | Reached skill level 5 in Fighting
  7543 | D:8      | Reached skill level 8 in Shapeshifting
  8231 | D:8      | Gained mutation: You are sensitive to extremes of
                  | temperature. (rF-, rC-) [Ru sacrifice]
  8231 | D:8      | Reached * piety under Ru
  8231 | D:8      | Reached ** piety under Ru
  8440 | D:8      | Reached skill level 9 in Shapeshifting
  8767 | D:8      | Reached XP level 10. HP: 82/88 MP: 13/13
  9153 | D:9      | Reached skill level 10 in Shapeshifting
  9482 | D:9      | Noticed a deep elf pyromancer
  9482 | D:9      | Noticed a cyclops
  9482 | D:9      | Noticed a deep elf pyromancer
  9482 | D:9      | Noticed a boulder beetle
  9482 | D:9      | Noticed a manticore
  9482 | D:9      | Noticed a cyclops
  9550 | D:9      | Killed a cyclops
  9551 | D:9      | Reached skill level 6 in Fighting
  9689 | D:9      | Killed a deep elf pyromancer
  9690 | D:9      | Reached skill level 4 in Stealth
  9698 | D:9      | Killed a cyclops
  9699 | D:9      | Reached skill level 5 in Stealth
  9699 | D:9      | Reached skill level 4 in Dodging
  9715 | D:9      | Noticed a sun demon
  9749 | D:9      | Reached skill level 5 in Dodging
  9753 | D:9      | Found a staircase to the Lair.
  9761 | D:9      | Reached skill level 7 in Fighting
  9771 | D:9      | HP: 1/94 [orc wizard/puff of flame (12)]
  9775 | D:9      | Slain by a sun demon

Vanquished Creatures
  A deep elf pyromancer (D:9)
  Maurice (D:8)
  2 cyclopes (D:9)
  A vampire (D:9)
  A shadow (D:9)
  A wyvern (D:8)
  4 yaks (D:9)
  A warg (D:9)
  Edmund (D:4)
  Menkaure (D:6)
  An orc warrior (D:6)
  A sky beast (D:6)
  2 ogres (D:5)
  A wolf (D:9)
  A centaur (D:9)
  A phantom (D:6)
  9 kobold brigands
  2 scorpions
  4 wights (D:8)
  16 killer bees
  3 howler monkeys
  An orc priest (D:7)
  A gnoll bouda (D:8)
  Jessica (D:2)
  7 iguanas
  5 sleepcaps
  6 orc wizards
  8 gnolls
  10 adders
  3 dart slugs (D:1)
  A ribbon worm (D:5)
  28 orcs
  8 endoplasms
  6 giant cockroaches
  4 goblins
  11 hobgoblins
  A jackal (Sewer)
  17 kobolds
  3 quokkas
  8 ball pythons
  6 bats
  4 frilled lizards
  10 rats
204 creatures vanquished.

Vanquished Creatures (others)
  A killer bee (D:9)
1 creature vanquished.

Grand Total: 205 creatures vanquished

Table legend: (Time is in decaauts)
 A = Elapsed time spent in this place.
 B = Non-inter-level travel time spent in this place.
 C = Inter-level travel time spent in this place.
 D = Time resting spent in this place.
 E = Time spent auto-exploring this place.
 F = Levels seen in this place.
 G = Mean time per level.
                   A        B        C        D        E       F      G
               +--------+--------+--------+--------+--------+-----+--------+
         Total |  11858 |  11420 |    438 |   1962 |   7213 |  11 | 1078.0 |
       Dungeon |  11416 |  10990 |    426 |   1837 |   7046 |   9 | 1268.4 |
        Temple |     25 |     13 |     12 |      0 |      0 |   1 |   25.0 |
         Sewer |    417 |    417 |      0 |    125 |    167 |   1 |  417.0 |
               +--------+--------+--------+--------+--------+-----+--------+

Top non-repeatable levels by time:
     D:8: 2117 daAuts
     D:7: 1616 daAuts
     D:5: 1474 daAuts
     D:6: 1288 daAuts
     D:1: 1226 daAuts
     D:4: 1180 daAuts
     D:3: 924 daAuts
     D:2: 882 daAuts
     D:9: 706 daAuts
   Sewer: 417 daAuts
  Temple: 25 daAuts

Table legend:
 A = Non-vault XP
 B = Vault XP
 C = Vault XP percentage of total XP
 D = Non-vault monster count
 E = Vault monster count
 F = Vault count percentage of total count
                 A         B        C        D         E       F
            +---------+---------+-------+---------+---------+-------
      Total |    4601 |    4099 |  47.1 |     164 |      41 |  20.0
            +---------+---------+-------+---------+---------+-------
        D:1 |      40 |       0 |   0.0 |      21 |       0 |   0.0
        D:2 |      40 |      37 |  48.1 |      22 |       1 |   4.3
        D:3 |      55 |      36 |  39.6 |      12 |       8 |  40.0
        D:4 |      68 |     166 |  70.9 |      12 |       1 |   7.7
        D:5 |     606 |     588 |  49.2 |      15 |       6 |  28.6
        D:6 |     785 |     165 |  17.4 |      21 |       1 |   4.5
        D:7 |     198 |       0 |   0.0 |      15 |       0 |   0.0
        D:8 |    1095 |     887 |  44.8 |      28 |       8 |  22.2
        D:9 |    1714 |    2112 |  55.2 |      18 |       6 |  25.0
      Sewer |       0 |     108 | 100.0 |       0 |      10 | 100.0
            +---------+---------+-------+---------+---------+-------
